 Dungeon Crawl Stone Soup version 0.26-a0-812-g31a745ddcd (webtiles) character file.

Game seed: 6326261898362655005

14807 graki42 the Thaumaturge (level 11, -8/53 (54) HPs)
             Began as a Deep Elf Conjurer on Nov 21, 2020.
             Was a Priest of Sif Muna.
             Killed from afar by a wretched star (31 damage)
             ... with a lance of force
             ... on level 2 of the Abyss.
             The game lasted 00:43:06 (12431 turns).

graki42 the Thaumaturge (Deep Elf Conjurer)        Turns: 12431, Time: 00:43:07

HP:   -8/53 (54)    AC:  4    Str:  3    XL:     11   Next: 93%
MP:   7/30          EV: 12    Int: 24    God:    Sif Muna [***...]
Gold: 585           SH:  0    Dex:  9    Spells: 24/36 levels left

rFire    . . .     SeeInvis +   (no weapon)
rCold    . . .     Faith    .   (no shield)
rNeg     . . .     Spirit   .   v - +1 robe {MR+}
rPois    +         Reflect  .   E - +0 hat
rElec    .         Harm     .   (no cloak)
rCorr    .         Rampage  .   s - +0 pair of gloves
MR       ++...                  p - +0 pair of boots
Stlth    ++........             c - amulet of regeneration
HPRegen  0.57/turn              y - ring of see invisible
MPRegen  0.22/turn              B - ring of poison resistance

@: about to teleport
A: [clumsy 2], [deformed body], [screaming 2], [weak 2], [no potion heal 2],
[subdued magic 2]
a: Channel Magic, Forget Spell, Renounce Religion


You were on level 2 of the Abyss.
You worshipped Sif Muna.
Sif Muna was most pleased with you.
You visited 4 branches of the dungeon, and saw 15 of its levels.
You visited the Abyss 1 time.

You collected 681 gold pieces.
You spent 96 gold pieces at shops.

Inventory:

Armour
 p - a +0 pair of boots (worn)
 s - a +0 pair of gloves (worn)
 v - a +1 robe of magic resistance (worn)
 E - a +0 hat (worn)
Jewellery
 c - an amulet of regeneration (around neck)
 y - a ring of see invisible (left hand)
 B - a ring of poison resistance (right hand)
 D - an uncursed amulet of guardian spirit
 F - an uncursed ring of attention
Wands
 j - a wand of disintegration (14)
 r - a wand of paralysis (9)
Scrolls
 d - 5 scrolls of magic mapping {unknown}
 e - 6 scrolls of enchant weapon
 g - 2 scrolls of amnesia
 h - 5 scrolls of teleportation
 l - 3 scrolls of remove curse
 n - 2 scrolls of blinking
 q - 4 scrolls of fear
 t - 2 scrolls of immolation {unknown}
 x - a scroll of summoning {unknown}
 C - 4 scrolls of fog {unknown}
 G - a scroll of vulnerability {unknown}
Potions
 a - 2 potions of haste {unknown}
 b - 4 potions of degeneration {unknown}
 f - 2 potions of brilliance {unknown}
 i - 10 potions of curing
 k - a potion of resistance
 m - a potion of might {unknown}
 o - a potion of mutation
 u - 3 potions of heal wounds {unknown}
 w - 2 potions of attraction {unknown}
 z - a potion of lignification {unknown}
 A - 2 potions of flight {unknown}


   Skills:
 - Level 3.0 Dodging
 - Level 3.0 Stealth
 + Level 13.2 Spellcasting
 + Level 11.9 Conjurations
 - Level 9.0 Hexes
 - Level 8.0 Translocations
 + Level 8.8 Invocations


You had 24 spell levels left.
You knew the following spells:

 Your Spells              Type           Power        Failure   Level
a - Magic Dart            Conj           ####         0%          1
b - Searing Ray           Conj           #####.       0%          2
c - Fulminant Prism       Conj/Hex       #####.....   1%          4
d - Iskenderun's Mystic   Conj/Tloc      #####...     1%          4
e - Apportation           Tloc           ####..       1%          1

Your spell library contained the following spells:

 Spells                   Type           Power        Failure   Level
 Animate Skeleton         Necr           #.....       1%          1
 Beastly Appendage        Tmut           #.....       1%          1
 Corona                   Hex            #####..      1%          1
 Summon Small Mammal      Summ           #...         1%          1
 Dazzling Flash           Conj/Hex       #####.       1%          3
 Cause Fear               Hex            #####.....   1%          4
 Wereblood                Tmut           #.......     3%          2
 Spider Form              Tmut/Pois      #.........   8%          3
 Silence                  Hex/Air        ###.......   12%         5
 Yara's Violent Unravell  Hex/Tmut       ###.......   12%         5
 Ice Form                 Ice/Tmut       #.......     28%         4
 Blade Hands              Tmut           #.........   63%         5
 Discord                  Hex            #####.....   99%         8


Dungeon Overview and Level Annotations

Branches:
Dungeon (11/15)            Temple (1/1) D:6            Lair (1/6) D:9
    Orc (2/2) D:9
    Elf: Orc:2

Altars:
Ashenzari
Cheibriados
Dithmenos
Elyvilon
Fedhas
Gozag
Hepliaklqana
Kikubaaqudgha
Makhleb
Nemelex Xobeh
Okawaru
Qazlal
Ru
Sif Muna
Trog
Uskayaw
Vehumet
Wu Jian
Xom
Yredelemnul
Zin
The Shining One
Beogh

Shops:
D:10 *

Annotations:
D:9 2 transporters, casual's ghost, novice PaFi
D:11 Sonja
Abyss:2 3 runed translucent doors


Innate Abilities, Weirdness & Mutations

[You are very clumsy. (Dex -4)]
[Armour fits poorly on your strangely shaped body.]
[You sometimes yell uncontrollably at your foes.]
[You are very weak. (Str -4)]
[Potions are poor at restoring your health.]
[Your spells are easier to cast, but less powerful.]


Message History

As you read the scroll labelled WEYTHRU NACU, it crumbles to dust.
It is a scroll of enchant weapon.
You aren't carrying any weapons that can be enchanted.
The wretched star pulses with an eldritch light!
Your body twists and deforms.
As you read the scroll labelled YNONAGUIKH, it crumbles to dust.
You feel strangely unstable.
You feel the power of the Abyss delaying your translocation!
It was a scroll of teleportation.
The wretched star pulses with an eldritch light!
You feel clumsy. x2
Your system partially rejects the healing effects of potions.
Your system mostly rejects the healing effects of potions.
The wretched star pulses with an eldritch light!
Your connection to magic feels subdued.
Your connection to magic feels more subdued.
The wretched star glows turbulently.
The lance of force hits you!!
Ouch! That really hurt!
You die...

..
#.....≈≈.≈.≈≈...#
... ...
#...≈≈≈≈.≈≈♣...
..
...##..≈..≈≈≈≈≈.≈
♣# . .
.....≈≈.≈≈≈≈.≈...
# ..
#...≈≈.≈..≈≈.
.... #
#*..≈.≈≈..≈≈.....
#
##...≈....♣#..##
# ##.....#.# # #
. .## ##@..##.# .
#.. .
#...####......#..
#.(.#.#.♣♣ ...
#...# ≈. .♣#. ..
....#≈ ....≈.. .
.....# . . . ....
#....# .. .. . ..
#..(.##.. ..#....
# + # .


You could see a wretched star.

Vanquished Creatures
  Gastronok (D:10)
  A hydra (Lair:1)
  6 two-headed ogres
  2 ugly things (D:11)
  3 cyclopes
  3 trolls
  Grinder (D:4)
  Prince Ribbit (D:5)
  A vampire (Abyss:2)
  2 wyverns (D:10)
  A basilisk (D:11)
  2 wargs (D:9)
  2 acid dragons (D:11)
  A water moccasin (D:10)
  3 black bears
  2 sky beasts (D:9)
  5 orc warriors
  2 ice beasts
  2 necrophages
  A hornet zombie (D:11)
  3 ogres
  An eye of draining (D:8)
  9 centaurs
  2 big kobolds (D:9)
  5 bullfrogs
  4 scorpions
  2 howler monkeys
  2 centaur zombies
  5 jellies
  A gnoll shaman (D:4)
  9 orc priests
  A centaur skeleton (D:8)
  4 hounds
  11 orc wizards
  5 iguanas
  7 worker ants
  2 hound zombies
  6 gnolls
  A howler monkey skeleton (D:11)
  4 adders
  A shadow imp (D:7)
  2 white imps
  2 ufetubi
  2 oozes
  5 worms
  5 dart slugs
  4 leopard geckos
  66 orcs
  A bat zombie (D:6)
  8 goblins
  6 hobgoblins
  11 jackals
  11 kobolds
  2 quokkas
  A ball python (D:3)
  3 bats
  8 frilled lizards
  6 rats
  A fulminant prism (D:11)
271 creatures vanquished.

Vanquished Creatures (others)
  62 fulminant prisms
  A plant (D:1)
63 creatures vanquished.

Grand Total: 334 creatures vanquished

Notes
Turn   | Place    | Note
-------+----------+-------------------------------------------
     0 | D:1      | graki42 the Deep Elf Conjurer began the quest for the Orb.
     0 | D:1      | Reached XP level 1. HP: 10/10 MP: 6/6
   127 | D:1      | Reached XP level 2. HP: 5/15 MP: 2/8
   133 | D:1      | Learned a level 2 spell: Searing Ray
   659 | D:1      | Reached XP level 3. HP: 19/19 MP: 6/10
  1287 | D:2      | Reached skill level 4 in Spellcasting
  1371 | D:2      | Reached skill level 5 in Conjurations
  1518 | D:2      | Found a white marble altar of Elyvilon.
  1573 | D:2      | Reached XP level 4. HP: 24/24 MP: 7/12
  1991 | D:3      | Reached skill level 5 in Spellcasting
  1995 | D:3      | Reached XP level 5. HP: 20/28 MP: 5/14
  2168 | D:3      | Noticed a necrophage
  2173 | D:3      | Killed a necrophage
  2173 | D:3      | Reached skill level 6 in Spellcasting
  2173 | D:3      | Reached XP level 6. HP: 22/31 MP: 7/17
  2179 | D:3      | Learned a level 4 spell: Fulminant Prism
  2184 | D:3      | Learned a level 4 spell: Iskenderun's Mystic Blast
  2316 | D:3      | Found a bloodstained altar of Trog.
  2369 | D:3      | Found a basalt altar of Yredelemnul.
  3041 | D:4      | Noticed Grinder
  3057 | D:4      | Killed Grinder
  3057 | D:4      | Reached skill level 7 in Spellcasting
  3057 | D:4      | Reached XP level 7. HP: 35/35 MP: 10/20
  3128 | D:4      | Found a snail-covered altar of Cheibriados.
  3412 | D:4      | Reached skill level 1 in Hexes
  3413 | D:4      | Reached skill level 1 in Translocations
  3685 | D:5      | Entered Level 5 of the Dungeon
  3694 | D:5      | Found an opulent altar of Gozag.
  3760 | D:5      | Noticed Prince Ribbit
  3776 | D:5      | Killed Prince Ribbit
  3776 | D:5      | Reached skill level 8 in Spellcasting
  3850 | D:5      | Found a glowing golden altar of the Shining One.
  3952 | D:5      | Reached XP level 8. HP: 40/40 MP: 19/22
  4274 | D:5      | Found an iron altar of Okawaru.
  4919 | D:6      | Found a staircase to the Ecumenical Temple.
  4924 | Temple   | Entered the Ecumenical Temple
  5034 | Temple   | Became a worshipper of Sif Muna the Loreminder
  5266 | D:6      | Reached skill level 9 in Spellcasting
  5266 | D:6      | Reached skill level 1 in Invocations
  5506 | D:6      | Reached skill level 5 in Hexes
  5816 | D:6      | Found a broken altar of Ashenzari.
  5908 | D:6      | Found an ancient bone altar of Kikubaaqudgha.
  6207 | D:7      | Reached XP level 9. HP: 44/44 MP: 20/24
  6298 | D:7      | Found a glowing silver altar of Zin.
  6377 | D:7      | Found a shadowy altar of Dithmenos.
  6525 | D:7      | Reached * piety under Sif Muna
  7098 | D:8      | Reached skill level 5 in Translocations
  7457 | D:8      | Found a roughly hewn altar of Beogh.
  7684 | D:8      | Found a burning altar of Makhleb.
  7768 | D:8      | Reached skill level 10 in Spellcasting
  7965 | D:8      | Found a sacrificial altar of Ru.
  8066 | D:9      | Found a staircase to the Lair.
  8081 | D:9      | Noticed a cyclops
  8091 | D:9      | Killed a cyclops
  8159 | D:9      | Noticed a two-headed ogre
  8165 | D:9      | Killed a two-headed ogre
  8165 | D:9      | Reached XP level 10. HP: 39/49 MP: 7/26
  8299 | D:9      | Reached ** piety under Sif Muna
  8313 | D:9      | Noticed a two-headed ogre
  8320 | D:9      | Killed a two-headed ogre
  8320 | D:9      | Reached skill level 5 in Invocations
  8449 | D:9      | Found a transporter.
  8456 | D:9      | Noticed casual's ghost (novice PaFi)
  8559 | D:9      | Found an ornate altar of the Wu Jian Council.
  8586 | D:9      | Found a staircase to the Orcish Mines.
  8626 | D:9      | Found a transporter.
  8718 | D:9      | Reached skill level 11 in Spellcasting
  8718 | D:9      | Reached skill level 10 in Conjurations
  9084 | D:9      | Found a sparkling altar of Nemelex Xobeh.
  9255 | D:10     | Entered Level 10 of the Dungeon
  9272 | D:10     | Found Jutaruff's Assorted Antiques.
  9277 | D:10     | Bought a scroll labelled VYALOA YMMEA for 32 gold pieces
  9277 | D:10     | Bought a scroll labelled WUAVOE QODWIPN for 32 gold pieces
  9277 | D:10     | Bought a scroll labelled WUAVOE QODWIPN for 32 gold pieces
  9306 | D:10     | Noticed Gastronok
  9585 | Lair:1   | Entered Level 1 of the Lair of Beasts
  9586 | Lair:1   | Noticed a four-headed hydra
  9591 | Lair:1   | Noticed an eight-headed hydra
  9593 | Lair:1   | Killed a four-headed hydra
  9702 | Orc:1    | Entered Level 1 of the Orcish Mines
 10101 | Orc:2    | Entered Level 2 of the Orcish Mines
 10259 | Orc:2    | Noticed an orc warlord
 10508 | D:10     | Reached *** piety under Sif Muna
 10721 | D:10     | Reached XP level 11. HP: 53/53 MP: 23/28
 10815 | D:10     | Killed Gastronok
 10960 | D:10     | Learned a level 1 spell: Apportation
 11004 | D:11     | Reached skill level 12 in Spellcasting
 11377 | D:11     | Noticed a two-headed ogre
 11377 | D:11     | Noticed a white ugly thing
 11385 | D:11     | Killed a two-headed ogre
 11391 | D:11     | Killed a white ugly thing
 11768 | D:11     | Noticed a two-headed ogre
 11776 | D:11     | Killed a two-headed ogre
 11941 | D:11     | Noticed a two-headed ogre
 11953 | D:11     | Noticed a two-headed ogre
 11955 | D:11     | Killed a two-headed ogre
 11958 | D:11     | Killed a two-headed ogre
 11958 | D:11     | Reached skill level 13 in Spellcasting
 12185 | D:11     | Noticed a white ugly thing
 12194 | D:11     | Killed a white ugly thing
 12226 | D:11     | Noticed Sonja
 12350 | D:11     | Cast into level 2 of the Abyss (Sonja)
 12350 | Abyss:2  | Found a corrupted altar of Lugonu.
 12378 | Abyss:2  | Found a runed translucent gate.
 12379 | Abyss:2  | Found a runed translucent gate.
 12380 | Abyss:2  | Found a runed translucent gate.
 12388 | Abyss:2  | Found a runed translucent gate.
 12393 | Abyss:2  | Noticed a sixfirhy
 12420 | Abyss:2  | Noticed a wretched star
 12431 | Abyss:2  | Killed from afar by a wretched star

Illustrated notes

Levels and vault maps discovered:
D:1:      scummos_arrival_checkerplants, layout_basic, serial_forest,
          infiniplex_forest_end_2, infiniplex_forest_clump_double,
          infiniplex_forest_corner_1, infiniplex_forest_straight_2,
          infiniplex_forest_clump_medium, infiniplex_forest_clump_small,
          infiniplex_forest_join, infiniplex_forest_lined_room_2,
          kennysheep_decorative_pillar
D:2:      layout_rooms, elyvilon_altar_4
D:3:      layout_rooms, lemuel_round_altar, old_standard_altar
D:4:      layout_rooms, kennysheep_slug_shrine, uniq_grinder
D:5:      layout_loops_ring, kennysheep_little_box, okawaru_gym_becter,
          basic_altar, minmay_fractal_squares_diagonal_5, uniq_prince_ribbit1
D:6:      layout_layer_cave, lemuel_zombie_altar_kikubaaqudgha,
          evilmike_ruin_ashenzari, temple_statues
D:7:      layout_loops_corners, zin_statuary, grunt_dithmenos_smoke
D:8:      layout_loops_cross, lemuel_round_altar, hangedman_ru_absence,
          special_room [special_room_orc]
D:9:      layout_irregular_city, nemelex_altar_shiori, old_standard_altar,
          lair_entry_dummy, minmay_orc_entry_guard_dogs, gammafunk_ghost_arena
D:10:     layout_roguey, serial_shops, shop, uniq_gastronok
D:11:     layout_cave_pools, grunt_decor_mini_mirrors, minmay_joined_circles,
          uniq_sonja
Temple:   nicolae_temple_figure_zero
Lair:1:   layout_small_grid, st_stairs_4, grunt_forest_small_clearings,
          minmay_hedge_maze, uniq_erica
Orc:1:    layout_caves, minmay_orc_barracks
Orc:2:    st_orc_rangers, layout_caves, mines2_david
Abyss:2:  base:
Lair:3

Skill      XL: |  1  2  3  4  5  6  7  8  9 10 11 |
---------------+----------------------------------+-----
Stealth        | 3 |  3.0
Dodging        | 3 |  3.0
Spellcasting   | 4 5 6 7 8 9 10 11 13 | 13.2
Conjurations   | 5 6 7 8 9 10 11 | 11.9
Hexes          | 2 5 7 9 |  9.0
Translocations | 2 4 6 7 8 |  8.0
Invocations    | 2 4 6 8 |  8.8

Action                   |  1- 3 |  4- 6 |  7- 9 | 10-12 || total
-------------------------+-------+-------+-------+-------++-------
 Cast: Magic Dart        |    47 |    20 |    34 |    48 ||   149
       Searing Ray       |     9 |    21 |    69 |    68 ||   167
       Fulminant Prism   |       |     1 |    14 |    49 ||    64
       Iskenderun's Myst |       |       |     2 |    19 ||    21
  Use: Scroll            |       |       |     6 |     4 ||    10
Armor: Robe              |     1 |       |     6 |    11 ||    18
Dodge: Dodged            |     9 |    11 |    29 |    42 ||    91

Table legend: (Time is in decaauts)
 A = Elapsed time spent in this place.
 B = Non-inter-level travel time spent in this place.
 C = Inter-level travel time spent in this place.
 D = Time resting spent in this place.
 E = Time spent auto-exploring this place.
 F = Levels seen in this place.
 G = Mean time per level.
                   A        B        C        D        E       F      G
               +--------+--------+--------+--------+--------+-----+--------+
         Total |  12439 |  12055 |    384 |   2409 |   8061 |  16 |  777.4 |
       Dungeon |  11753 |  11385 |    368 |   2163 |   7800 |  11 | 1068.5 |
        Temple |    120 |    110 |     10 |      0 |    104 |   1 |  120.0 |
          Lair |     14 |     14 |      0 |      0 |      0 |   1 |   14.0 |
  Orcish Mines |    467 |    462 |      5 |    246 |    121 |   2 |  233.5 |
         Abyss |     83 |     83 |      0 |      0 |     36 |   1 |   83.0 |
               +--------+--------+--------+--------+--------+-----+--------+

Top non-repeatable levels by time:
     D:9: 1346 daAuts
     D:8: 1327 daAuts
    D:10: 1221 daAuts
     D:6: 1110 daAuts
     D:1: 1100 daAuts
     D:5: 1098 daAuts
     D:7: 984 daAuts
    D:11: 978 daAuts
     D:3: 921 daAuts
     D:4: 892 daAuts
     D:2: 771 daAuts
   Orc:1: 441 daAuts
  Temple: 120 daAuts
 Abyss:2: 83 daAuts
   Orc:2: 26 daAuts
